 Dungeon Crawl Stone Soup version 0.27-a0-291-gd9602db6ee (webtiles) character file.

Game seed: 4550355848027270973

51 mobtown the Grave Robber (level 3, 0/19 HPs)
             Began as a Deep Elf Necromancer on Feb 9, 2021.
             Slain by a ball python (1 damage)
             ... on level 2 of the Dungeon.
             The game lasted 00:03:37 (1551 turns).

mobtown the Grave Robber (Deep Elf Necromancer)     Turns: 1551, Time: 00:03:38

Health: 0/19       AC:  2    Str:  5    XL:     3   Next: 58%
Magic:  10/10      EV: 10    Int: 20    God:
Gold:   41         SH:  0    Dex: 15    Spells: 4/9 levels left

rFire    . . .     SeeInvis .   h - +0 dagger
rCold    . . .     Faith    .   (no shield)
rNeg     . . .     Spirit   .   a - +0 robe
rPois    .         Reflect  .   (no helmet)
rElec    .         Harm     .   (no cloak)
rCorr    .         Rampage  .   (no gloves)
Will     .....                  (no boots)
Stlth    ++........             (no amulet)
HPRegen  0.06/turn              (no ring)
MPRegen  0.12/turn              (no ring)

@: constricted
A: no striking features
a: no special abilities


You were on level 2 of the Dungeon.
You visited 1 branch of the dungeon, and saw 2 of its levels.

You collected 41 gold pieces.

Inventory:

Hand Weapons
 h - a +0 dagger (weapon)
Missiles
 e - 73 stones
 g - 31 arrows
Armour
 a - a +0 robe (worn)
Scrolls
 b - 2 scrolls of identify {unknown}
 d - a scroll of random uselessness {unknown}
 f - a scroll of remove curse {unknown}


   Skills:
 + Level 2.4 Dodging
 + Level 2.7 Stealth
 + Level 3.6 Spellcasting
 * Level 6.0 Necromancy


You had 4 spell levels left.
You knew the following spells:

 Your Spells              Type           Power        Failure   Level
a - Pain                  Necr           100%         1%          1
b - Animate Skeleton      Necr           54%          1%          1
c - Vampiric Draining     Necr           13%          3%          3

Your spell library contained the following spells:

 Spells                   Type           Power        Failure   Level
 Animate Dead             Necr           13%          11%         4
 Agony                    Necr           27%          30%         5


Dungeon Overview and Level Annotations

Branches:
Dungeon (2/15)

Altars:


Message History

Aim: a hobgoblin (chance to affect: 93%)
The hobgoblin writhes in agony!
You kill the hobgoblin!
A ball python comes into view.
The ball python hisses angrily.
The ball python bites you.
* * * LOW HITPOINT WARNING * * *
The ball python barely misses you. The ball python closely misses you.
The ball python barely misses you. The ball python completely misses you.
The ball python grabs you.
* * * LOW HITPOINT WARNING * * *
The ball python constricts you. The ball python barely misses you.
The ball python constricts you.
The ball python bites you but does no damage.
The ball python constricts you. The ball python barely misses you.
* * * LOW HITPOINT WARNING * * *
The ball python constricts you. The ball python barely misses you.
You die...

...####...# #.# .
###.# #.# .
#######.# #.##
#.......### #..#
#.........# ##.#
#.........#
######.#
#.........#
#......#
#######S###
#.###### ## #@#
#.# #. #.# #.# #.
#.# #.#### #. #.#
#....######. #.#
####........
#†#...####.....##.
#.# #..........###
#.#...####.....>#.
#.##########....#.


You could see a ball python.

Vanquished Creatures
  2 adders (D:2)
  An ooze (D:2)
  A worm (D:2)
  A dart slug (D:2)
  5 bats
  3 goblins
  6 hobgoblins
  A kobold (D:1)
  3 rats (D:1)
23 creatures vanquished.

Notes
Turn   | Place    | Note
-------+----------+-------------------------------------------
     0 | D:1      | mobtown the Deep Elf Necromancer began the quest for the
                  | Orb.
     0 | D:1      | Reached XP level 1. HP: 10/10 MP: 6/6
   174 | D:1      | Reached skill level 5 in Necromancy
   583 | D:1      | Reached XP level 2. HP: 15/15 MP: 8/8
  1071 | D:2      | Reached XP level 3. HP: 17/19 MP: 7/9
  1081 | D:2      | Learned a level 1 spell: Animate Skeleton
  1085 | D:2      | Learned a level 3 spell: Vampiric Draining
  1448 | D:2      | Reached skill level 6 in Necromancy
  1551 | D:2      | Slain by a ball python

Illustrated notes

Levels and vault maps discovered:
D:1:      minmay_arrival_wavy_path, layout_basic
D:2:      layout_basic, old_standard_altar

Skill      XL: |  1  2  3 |
---------------+----------+-----
Necromancy     | 5 6 |  6.0
Dodging        | |  2.4
Stealth        | |  2.7
Spellcasting   | |  3.6

Action                   || total
-------------------------++-------
Melee: Dagger            ||     6
 Cast: Pain              ||    35
  Use: Potion            ||     1
 Stab: Sleeping          ||     5
Armor: Robe              ||     3
Dodge: Dodged            ||    13

Table legend: (Time is in decaauts)
 A = Elapsed time spent in this place.
 B = Non-inter-level travel time spent in this place.
 C = Inter-level travel time spent in this place.
 D = Time resting spent in this place.
 E = Time spent auto-exploring this place.
 F = Levels seen in this place.
 G = Mean time per level.
                   A        B        C        D        E       F      G
               +--------+--------+--------+--------+--------+-----+--------+
         Total |   1531 |   1531 |      0 |     13 |   1309 |   2 |  765.5 |
       Dungeon |   1531 |   1531 |      0 |     13 |   1309 |   2 |  765.5 |
               +--------+--------+--------+--------+--------+-----+--------+

Top non-repeatable levels by time:
     D:1: 964 daAuts
     D:2: 567 daAuts
